 Dungeon Crawl Stone Soup version 0.30-a0-996-ga6910c8ee8 (webtiles) character file.

Game seed: 14374296013569320869

5 qeuew the Ducker (level 1, -9/16 HPs)
             Began as a Merfolk Gladiator on Apr 4, 2023.
             Mangled by a kobold
             ... wielding a +2 dagger of electrocution
              (20 damage)
             ... on level 1 of the Dungeon.
             The game lasted 00:00:22 (69 turns).

qeuew the Ducker (Merfolk Gladiator)                  Turns: 69, Time: 00:00:25

Health: -9/16      AC:  4    Str: 14    XL:     1   Next: 80%
Magic:  1/1        EV: 16    Int:  7    God:
Gold:   36         SH:  0    Dex: 15    Spells: 0/0 levels left

rFire   . . .      SeeInvis .    a - +0 long sword
rCold   . . .      Faith    .    (no shield)
rNeg    . . .      Spirit   .    b - +0 leather armour
rPois   .          Reflect  .    c - +0 helmet
rElec   .          Rampage  .    (no cloak)
rCorr   .                        (no gloves)
Will    .....                    (boots currently unavailable)
Stlth   ++                       (no amulet)
HPRegen 0.22/turn                (no ring)
MPRegen 0.07/turn                (no ring)

@: very quick
A: nimble swimmer 2, mertail
a: no special abilities


You were on level 1 of the Dungeon.
You visited 1 branch of the dungeon, and saw 1 of its levels.

You collected 36 gold pieces.

Inventory:

Hand Weapons
 a - a +0 long sword (weapon)
Missiles
 d - 3 throwing nets (quivered)
 e - a javelin
Armour
 b - a +0 leather armour (worn)
 c - a +0 helmet (worn)
Scrolls
 f - a scroll of amnesia {unknown}


   Skills:
 + Level 2.2 Fighting
 * Level 3.7 Long Blades
 * Level 2.1 Throwing
 + Level 0.0 Armour
 * Level 4.1 Dodging


You couldn't memorise any spells.
You didn't know any spells.
Your spell library was empty.

Dungeon Overview and Level Annotations

Branches:
Dungeon (1/15)

Altars:


Innate Abilities, Weirdness & Mutations

You are very nimble when in or above water. (Stealth+, EV+, Speed+++)
Your lower body shifts to a powerful aquatic tail in water.


Message History

You slash the jackal!
You kill the jackal!
A kobold comes into view.
It is wielding a +2 dagger of electrocution.
The jackal misses you.
A giant cockroach comes into view.
The jackal bites you but does no damage.
The kobold shouts!
You hit the jackal but do no damage. The jackal bites you.
The jackal completely misses you. The jackal barely misses you.
You hit the jackal but do no damage. The jackal closely misses you.
The jackal completely misses you. The jackal misses you. The jackal bites you.
You hit the hobgoblin.
The hobgoblin is severely wounded.
The giant cockroach waves its antennae.
The jackal closely misses you. The jackal barely misses you.
The hobgoblin hits you. The jackal barely misses you.
You barely miss the hobgoblin.
The hobgoblin is severely wounded.
The jackal misses you. The hobgoblin closely misses you.
The jackal splashes around in the water.
The jackal closely misses you.
You hit the hobgoblin.
The hobgoblin is almost dead.
The jackal barely misses you. The jackal misses you. The hobgoblin misses you.
The giant cockroach waves its antennae.
The jackal bites you but does no damage. x2
The hobgoblin closely misses you.
You closely miss the hobgoblin.
The hobgoblin is almost dead.
The jackal splashes around in the water.
The jackal bites you. The hobgoblin closely misses you.
The jackal closely misses you.
You hit the hobgoblin.
You kill the hobgoblin!
The jackal completely misses you. The jackal barely misses you.
The jackal bites you but does no damage.
The kobold hits you with a +2 dagger of electrocution.
You are electrocuted!!
Ouch! That really hurt!
You die...

.. #..# #### #.##
##...♣♣♣♣♣♣ ##.#
##..#~~~~♣~~
#..####..#~♣~~~~~~
#...†...♣~♣P~~~~P.
######..♣P~P.~.~..
#............
#....KB..~.~.
##...@h~..~~~
####♣h~~~~~~
P~~~~~≈ #♣~~~~~


P~P~P ~P♣~ ♣♣ You could see 2 jackals, a giant cockroach and a kobold.

Vanquished Creatures
  A giant cockroach (D:1)
  2 hobgoblins (D:1)
  2 jackals (D:1)
5 creatures vanquished.

Notes
Turn   | Place    | Note
-------+----------+-------------------------------------------
     0 | D:1      | qeuew the Merfolk Gladiator began the quest for the Orb.
     0 | D:1      | Reached XP level 1. HP: 16/16 MP: 1/1
    69 | D:1      | Mangled by a kobold

Illustrated notes

Levels and vault maps discovered:
D:1:      dpeg_arrival_solitude, layout_rooms, serial_forest,
          infiniplex_forest_clump_small, infiniplex_forest_lined_room_3,
          infiniplex_forest_lined_corner, infiniplex_forest_zigzag_2,
          infiniplex_forest_lined_3, infiniplex_forest_straight_4,
          infiniplex_forest_straight_4, infiniplex_forest_lined_2,
          infiniplex_forest_end_1, infiniplex_forest_clump_tiny,
          serial_bayou_ford_a, serial_bayou_pond_e

Action                     || total
---------------------------++-------
  Melee: Long sword        ||    17
 Armour: Leather armour    ||     5
  Dodge: Dodged            ||    27

Table legend: (Time is in decaauts)
 A = Elapsed time spent in this place.
 B = Non-inter-level travel time spent in this place.
 C = Inter-level travel time spent in this place.
 D = Time resting spent in this place.
 E = Time spent auto-exploring this place.
 F = Levels seen in this place.
 G = Mean time per level.
                   A        B        C        D        E       F      G
               +--------+--------+--------+--------+--------+-----+--------+
         Total |     72 |     72 |      0 |      0 |     39 |   1 |   72.0 |
       Dungeon |     72 |     72 |      0 |      0 |     39 |   1 |   72.0 |
               +--------+--------+--------+--------+--------+-----+--------+

Top non-repeatable levels by time:
     D:1: 72 daAuts
